 Dungeon Crawl Stone Soup version 0.18.1-50-g88ac8fd (webtiles) character file.

76 Krapule the Shield-Bearer (level 4, -3/31 HPs)
             Began as a Halfling Fighter on Oct 14, 2016.
             Slain by Crazy Yiuf
             ... wielding a +4 quarterstaff of chaos
              (13 damage)
             ... on level 3 of the Dungeon.
             The game lasted 00:04:15 (1608 turns).

Krapule the Shield-Bearer (Halfling Fighter)        Turns: 1608, Time: 00:04:17

Health: -3/31      AC:  5    Str: 21    XL:     4   Next: 57%
Magic:  4/4        EV: 10    Int:  7    God:
Gold:   118        SH: 10    Dex: 14    Spells: 0 memorised, 3 levels left

rFire  . . .     SeeInvis +     a - +0 rapier
rCold  . . .     Gourm    .     j - +0 ring mail
rNeg   . . .     Faith    .     c - +0 shield
rPois  .         Spirit   .     (no helmet)
rElec  .         Dismiss  .     (no cloak)
rCorr  .         Reflect  .     (no gloves)
SustAt .         Harm     .     (no boots)
MR     .....                    (no amulet)
Stlth  +.........               (no ring)
                                k - ring of see invisible

@: mighty, lethally poisoned (-3 -> -7), drained, not resistant to hostile
enchantments, very unstealthy
A: mutation resistance 1
a: no special abilities


You were on level 3 of the Dungeon.
You were not hungry.

You visited 1 branch of the dungeon, and saw 3 of its levels.

You collected 118 gold pieces.

Inventory:

Hand Weapons
 a - a +0 rapier (weapon)
 b - a +0 scimitar
Missiles
 h - 20 sling bullets
Armour
 c - a +0 shield (worn)
 j - a +0 ring mail (worn)
 v - a +0 scale mail
Jewellery
 k - a ring of see invisible (left hand)
Scrolls
 g - a scroll of enchant armour {unknown}
 n - 2 scrolls of teleportation {unknown}
 p - a scroll of recharging {unknown}
 q - 2 scrolls of remove curse {unknown}
 r - a scroll of fog {unknown}
 s - a scroll of amnesia {unknown}
 t - a scroll of fear {unknown}
 u - a scroll of immolation {unknown}
Potions
 e - a potion of magic
 m - a potion of haste
 o - 2 potions of heal wounds
Comestibles
 f - 4 bread rations
 l - 2 meat rations


   Skills:
 + Level 3.2(2.9) Fighting
 + Level 3.2(2.9) Short Blades
 + Level 3.6(3.3) Armour
 + Level 1.0(0.8) Dodging
 + Level 1.9(1.6) Stealth
 + Level 3.7(3.3) Shields


You had 3 spell levels left.
You didn't know any spells.

Dungeon Overview and Level Annotations

Branches:
Dungeon (3/15)

Altars:

Annotations:
D:3 Crazy Yiuf


Innate Abilities, Weirdness & Mutations

You are small and have problems with some larger weapons.
You are somewhat resistant to further mutation.


Message History

You completely miss Crazy Yiuf.
You feel sick. Crazy Yiuf closely misses you.
You closely miss Crazy Yiuf.
You feel sick.
Crazy Yiuf hits you with a quarterstaff of chaos!
You feel drained.
Drink which item? (? for menu, Esc to quit)
You feel very mighty all of a sudden.
You feel sick.
Crazy Yiuf yells, "Mountain!"
Crazy Yiuf hits you with a quarterstaff of chaos.
Crazy Yiuf freezes you.
You puncture Crazy Yiuf!
Crazy Yiuf is almost dead.
You closely miss Crazy Yiuf.
Crazy Yiuf is almost dead.
You feel sick.
Crazy Yiuf screams, "Cholesterol bush horse!"
Crazy Yiuf hits you with a quarterstaff of chaos.
Crazy Yiuf glowers.
Crazy Yiuf hits you with a quarterstaff of chaos!
You die...

# # # # ########
.....>.#######
####..##...#.########
# ##....PP.#..##...#
... #....PP####.@g..#
#.# ##.#.P## ###..)#
#.# ###### ##### #.#
#.# # #### #.# # ###
..####.. # ##### #.#
#.##.... ####...# #.#
#####.##.#.. .......#
#.# #...........


You could see Crazy Yiuf.

Vanquished Creatures
  2 adders (D:2)
  4 dart slugs (D:1)
  6 bats
  2 giant cockroaches
  6 goblins
  2 hobgoblins
  10 jackals
  5 kobolds (D:2)
  10 rats
47 creatures vanquished.

Notes
Turn   | Place    | Note
--------------------------------------------------------------
     0 | D:1      | Krapule the Halfling Fighter began the quest for the Orb.
     0 | D:1      | Reached XP level 1. HP: 15/15 MP: 1/1
    47 | D:1      | Reached XP level 2. HP: 20/20 MP: 2/2
    66 | D:1      | Reached skill level 1 in Stealth
   256 | D:1      | Reached XP level 3. HP: 26/26 MP: 3/3
   874 | D:2      | Reached XP level 4. HP: 27/31 MP: 4/4
  1150 | D:2      | Reached skill level 1 in Dodging
  1597 | D:3      | Noticed Crazy Yiuf
  1608 | D:3      | Slain by Crazy Yiuf

Skill      XL: |  1  2  3  4 |
---------------+-------------+-----
Short Blades   | 3 |  3.2
Stealth        | 1 |  1.9
Fighting       | 3 |  3.2
Dodging        | 1 |  1.0
Armour         | |  3.6
Shields        | |  3.7

Action                   |  1- 3 |  4- 6 || total
-------------------------+-------+-------++-------
Melee: Rapier            |   106 |    63 ||   169
  Use: Scroll            |       |     3 ||     3
       Potion            |       |     1 ||     1
 Stab: Sleeping          |     1 |     1 ||     2
  Eat: Chunk             |       |     2 ||     2
Armor: Scale mail        |    24 |       ||    24
       Ring mail         |    13 |    26 ||    39
Dodge: Dodged            |    63 |    29 ||    92
Block: Shield            |    63 |    23 ||    86
